 Dungeon Sprint DCSS version 0.29-a0-472-ge5599a681e (webtiles) character file.

Game seed: 6176060557802367374

13367 mhtbhm the Bludgeoner (level 11, 0/127 HPs)
             Began as a Troll Berserker on May 22, 2022.
             Was the Champion of Trog.
             Slain by Duvessa
             ... wielding a +2 great sword of freezing
              (33 damage)
             ... in the Dungeon (Sprint III: "The Ten Rune Challenge").
             The game lasted 00:07:15 (1828 turns).

mhtbhm the Bludgeoner (Troll Berserker)             Turns: 1828, Time: 00:07:16

Health: 0/127      AC:  6    Str: 36    XL:     11   Next: 74%
Magic:  10/10      EV: 13    Int:  3    God:    Trog [******]
Gold:   2527       SH:  0    Dex:  9    Spells: 10/10 levels left

rFire   . . .      SeeInvis .   e - +3 giant spiked club "Vitakun" {flame, rN+ Will+ Str+3}
rCold   . . .      Faith    .   (shield currently unavailable)
rNeg    + . .      Spirit   .   b - +0 animal skin
rPois   .          Reflect  .   (helmet restricted)
rElec   .          Harm     .   i - +1 cloak
rCorr   .          Rampage  .   (gloves unavailable)
Will    +....      NoTele   +   (boots unavailable)
Stlth   ++........              j - amulet of regeneration
HPRegen 1.91/turn               (no ring)
MPRegen 0.12/turn               (no ring)

@: on berserk cooldown, slowed, very slow
A: large, unfitting armour, claws 3, regeneration 1, shaggy fur 1, tough skin 1,
strong 1
a: Renounce Religion, Berserk, Trog's Hand, Brothers in Arms


You were in the Dungeon.
You worshipped Trog.
Trog was exalted by your worship.
You visited 1 branch You collected 2527 gold pieces.

Inventory:

Hand Weapons
 a - a +7 antimagic giant club
 e - the +3 giant spiked club "Vitakun" (weapon) {flame, rN+ Will+ Str+3}
   (Trog gifted it to you in the Dungeon)

   It burns those it strikes, dealing additional fire damage.
   Str:       It affects your strength (+3).
   rN:        It protects you from negative energy.
   Will:      It increases your willpower.
 t - a +7 antimagic giant spiked club
Missiles
 s - 7 silver javelins (quivered)
Armour
 b - a +0 animal skin (worn)
 i - a +1 cloak (worn)
Jewellery
 j - an amulet of regeneration (around neck)
Wands
 p - a wand of flame (19)
Scrolls
 h - a scroll of blinking
 k - 2 scrolls of immolation {unknown}
 l - 3 scrolls of identify
Potions
 c - 3 potions of curing
 f - 2 potions of magic
 g - a potion of berserk rage
 m - a potion of ambrosia {unknown}
 n - a potion of flight {unknown}
 o - 5 potions of mutation
 q - a potion of might
Miscellaneous
 r - a lightning rod (4/4)


   Skills:
 + Level 13.1 Fighting
 + Level 18.2 Maces & Flails
 + Level 12.6 Dodging
 + Level 4.0 Stealth
 + Level 4.1 Evocations


You had 10 spell levels left.
You didn't know any spells.
Your spell library was empty.

Dungeon Overview and Level Annotations

Branches:
Dungeon (1/1)

Altars:
Cheibriados
Dithmenos
Elyvilon
Fedhas
Gozag
Hepliaklqana
Kikubaaqudgha
Makhleb
Nemelex Xobeh
Okawaru
Qazlal
Ru
Sif Muna
Trog
Uskayaw
Vehumet
Wu Jian
Xom
Yredelemnul
Zin
The Shining One
Beogh
Jiyva
Lugonu

Shops:
D :

Annotations:
D Duvessa


Innate Abilities, Weirdness & Mutations

You are too large for most types of armour.
You have claws for hands.
Your natural rate of healing is unusually fast.
You are covered in fur. (AC +1)
You have tough skin. (AC +1)
Your muscles are strong. (Str +2)


Message History

Duvessa is moderately wounded.
Duvessa hits you with a +2 great sword of freezing.
Duvessa freezes you.
You bludgeon Duvessa!! You burn Duvessa.
Duvessa is moderately wounded.
You closely miss Duvessa.
Duvessa is moderately wounded.
Duvessa closely misses you.
You bludgeon Duvessa!! You burn Duvessa.
Duvessa is heavily wounded.
Duvessa hits you with a +2 great sword of freezing!
Duvessa freezes you.
You puncture Duvessa! You burn Duvessa.
Duvessa is heavily wounded.
Duvessa barely misses you.
You pound Duvessa like an anvil!!! You burn Duvessa!
Duvessa is severely wounded.
Duvessa hits you with a +2 great sword of freezing!
Duvessa freezes you.
You closely miss Duvessa.
Duvessa is severely wounded.
You are no longer berserk.
You are exhausted.
You feel yourself slow down. Duvessa closely misses you.
You barely miss Duvessa.
Duvessa is severely wounded.
Duvessa hits you with a +2 great sword of freezing!!
Duvessa freezes you.
Duvessa hits you with a +2 great sword of freezing!!
* * * LOW HITPOINT WARNING * * *
Duvessa freezes you!
* * * LOW HITPOINT WARNING * * *
Unknown command.
Blink to where?
Press: ? - help, Dir - move target
There is a wall there.
Okay, then.
You feel much better.
Duvessa hits you with a +2 great sword of freezing!!
You die...

#..≈≈§'.#.'...'.#.#.#)†††.≈≈#
#.#§§§#.#.#.).##.#.#.##†††≈≈#
'.#.§.#.#.#)).#.#.#.#.#.††≈≈≈≈#
#.#§..#...#...##.#.#.##..†≈≈≈≈#
▓▓▓▓▓▓▓▓▓▓▓▓▓▓#.#.#.#.#...†...#
........≈≈≈...##.#.#.##.......#
≈≈≈≈≈≈≈≈≈≈♣♣P.'.#.#.#.#.......#
♣♣♣♣♣♣♣♣♣♣♣♣PP##.#.#.##########
♣♣♣##@##### ♣♣ #e).+ .## #...#
#.# #...# †##+ ##### .).# #..#
####


You could see Duvessa (berserk).

Vanquished Creatures
  Dowan (D)
  Snorg (D)
  A centaur warrior (D)
  An orc high priest (D)
  Urug (D)
  A deep elf knight (D)
  A lindwurm (D)
  A deep elf zephyrmancer (D)
  4 deep elf pyromancers (D)
  2 cane toads (D)
  A komodo dragon (D)
  2 unseen horrors (D)
  A rime drake (D)
  A queen bee (D)
  2 tyrant leeches (D)
  5 blink frogs (D)
  3 wandering mushrooms (D)
  A shadow (D)
  3 redbacks (D)
  A spatial vortex (D)
  A swamp drake (D)
  3 orc warriors (D)
  2 centaurs (D)
  An earth elemental (D)
  A necrophage (D)
  A water elemental (D)
  A scorpion (D)
  32 killer bees (D)
  3 orc priests (D)
  A jelly (D)
  A necromancer (D)
  A wizard (D)
  3 orc wizards (D)
  3 humans (D)
  A kobold demonologist (D)
  A dart slug (D)
  7 orcs (D)
  4 rats (D)
101 creatures vanquished.

Vanquished Creatures (others)
  A plant (D)
1 creature vanquished.

Grand Total: 102 creatures vanquished

Notes
Turn   | Place    | Note
-------+----------+-------------------------------------------
     0 | D        | mhtbhm the Troll Berserker began the quest for the Orb.
     0 | D        | Reached XP level 1. HP: 22/22 MP: 0/0
    47 | D        | Reached ** piety under Trog
    48 | D        | Reached skill level 3 in Maces & Flails
   136 | D        | Reached skill level 4 in Maces & Flails
   136 | D        | Reached XP level 2. HP: 20/31 MP: 1/1
   246 | D        | Noticed a scorpion
   250 | D        | Killed a scorpion
   251 | D        | Reached skill level 5 in Maces & Flails
   251 | D        | Reached XP level 3. HP: 40/40 MP: 2/2
   251 | D        | Reached XP level 4. HP: 49/49 MP: 3/3
   353 | D        | Gained mutation: Your muscles are strong. (Str +2) [potion
                  | of mutation]
   354 | D        | Noticed a water elemental
   359 | D        | Killed a water elemental
   360 | D        | Reached skill level 5 in Fighting
   360 | D        | Reached skill level 6 in Maces & Flails
   360 | D        | Reached skill level 5 in Dodging
   360 | D        | Reached XP level 5. HP: 57/57 MP: 4/4
   403 | D        | Found a basalt altar of Yredelemnul.
   403 | D        | Found a shadowy altar of Dithmenos.
   403 | D        | Found a sacrificial altar of Ru.
   409 | D        | Reached *** piety under Trog
   410 | D        | Reached skill level 7 in Maces & Flails
   442 | D        | Found a radiant altar of Vehumet.
   442 | D        | Found a shimmering blue altar of Sif Muna.
   442 | D        | Found an ancient bone altar of Kikubaaqudgha.
   454 | D        | Reached **** piety under Trog
   471 | D        | Reached XP level 6. HP: 62/67 MP: 5/5
   555 | D        | Found a hide-covered altar of Uskayaw.
   555 | D        | Found an iron altar of Okawaru.
   555 | D        | Found a bloodstained altar of Trog.
   555 | D        | Found an ornate altar of the Wu Jian Council.
   555 | D        | Noticed a human
   556 | D        | Noticed a human
   559 | D        | Killed a human
   560 | D        | Reached skill level 8 in Maces & Flails
   575 | D        | Killed a human
   576 | D        | Reached skill level 9 in Maces & Flails
   576 | D        | Reached XP level 7. HP: 13/78 MP: 6/6
   614 | D        | Found a glowing silver altar of Zin.
   614 | D        | Found a glowing golden altar of the Shining One.
   614 | D        | Found a white marble altar of Elyvilon.
   615 | D        | Noticed a deep elf pyromancer
   624 | D        | Killed a deep elf pyromancer
   624 | D        | Reached ***** piety under Trog
   625 | D        | Reached skill level 10 in Maces & Flails
   684 | D        | Reached skill level 11 in Maces & Flails
   684 | D        | Reached XP level 8. HP: 81/88 MP: 7/7
   728 | D        | Found a blossoming altar of Fedhas.
   728 | D        | Found a stormy altar of Qazlal.
   728 | D        | Found a snail-covered altar of Cheibriados.
   728 | D        | Found a burning altar of Makhleb.
   728 | D        | Found a shimmering altar of Xom.
   729 | D        | Found a hazy altar of Hepliaklqana.
   729 | D        | Found an opulent altar of Gozag.
   729 | D        | Found a sparkling altar of Nemelex Xobeh.
   729 | D        | Found a corrupted altar of Lugonu.
   729 | D        | Found a viscous altar of Jiyva.
   737 | D        | Reached skill level 1 in Stealth
   774 | D        | Noticed Snorg
   825 | D        | Killed Snorg
   826 | D        | Reached skill level 12 in Maces & Flails
   877 | D        | Found Vutuel's Book Boutique.
   877 | D        | Noticed an orc high priest
   878 | D        | Noticed a sixfirhy
   880 | D        | Received a gift from Trog
   881 | D        | Reached XP level 9. HP: 75/98 MP: 8/8
   881 | D        | Noticed a rust devil
   881 | D        | Reached ****** piety under Trog
   881 | D        | Received a gift from Trog
   882 | D        | Reached skill level 1 in Evocations
   883 | D        | Noticed a sixfirhy
   884 | D        | Reached skill level 13 in Maces & Flails
   884 | D        | Killed an orc high priest
   885 | D        | Reached skill level 10 in Dodging
  1056 | D        | Noticed a deep elf pyromancer
  1056 | D        | Noticed a deep elf pyromancer
  1056 | D        | Noticed a deep elf zephyrmancer
  1056 | D        | Noticed a deep elf pyromancer
  1056 | D        | Noticed a deep elf knight
  1067 | D        | Killed a deep elf zephyrmancer
  1067 | D        | Received a gift from Trog
  1068 | D        | Reached skill level 10 in Fighting
  1068 | D        | Noticed a deep elf zephyrmancer
  1070 | D        | Killed a deep elf pyromancer
  1071 | D        | Reached skill level 14 in Maces & Flails
  1074 | D        | Killed a deep elf knight
  1075 | D        | Reached XP level 10. HP: 85/111 MP: 3/9
  1078 | D        | Killed a deep elf pyromancer
  1079 | D        | Noticed a deep elf annihilator
  1081 | D        | Killed a deep elf pyromancer
  1081 | D        | Received a gift from Trog
  1157 | D        | Noticed a centaur warrior
  1160 | D        | Killed a centaur warrior
  1161 | D        | Reached skill level 15 in Maces & Flails
  1217 | D        | Received a gift from Trog
  1287 | D        | Noticed a cane toad
  1287 | D        | Noticed a cane toad
  1290 | D        | Killed a cane toad
  1291 | D        | Reached skill level 16 in Maces & Flails
  1292 | D        | Killed a cane toad
  1299 | D        | Reached XP level 11. HP: 123/123 MP: 5/10
  1386 | D        | Identified the +3 giant spiked club "Vitakun" {flame, rN+
                  | Will+ Str+3} (Trog gifted it to you in the Dungeon)
  1386 | D        | Received a gift from Trog
  1416 | D        | Noticed a lindwurm
  1419 | D        | Killed a lindwurm
  1450 | D        | Noticed Urug
  1457 | D        | Killed Urug
  1458 | D        | Reached skill level 17 in Maces & Flails
  1627 | D        | Received a gift from Trog
  1761 | D        | Received a gift from Trog
  1761 | D        | Received a gift from Trog
  1763 | D        | Received a gift from Trog
  1788 | D        | Received a gift from Trog
  1811 | D        | Noticed Dowan
  1811 | D        | Noticed Duvessa
  1817 | D        | Killed Dowan
  1818 | D        | Reached skill level 18 in Maces & Flails
  1828 | D        | Slain by Duvessa

Illustrated notes

Levels and vault maps discovered:
D:        dungeon_sprint_mu [sprint_mu_entry_cave, sprint_mu_temple_rooms,
          sprint_mu_d1_horrors, sprint_mu_d2_genie, sprint_mu_d3_branching,
          sprint_mu_orc_legion, sprint_mu_elf_gauntlet, sprint_mu_hive_nellie,
          sprint_mu_lair_fedhas, sprint_mu_vaults_butterflies,
          sprint_mu_slime_circle, sprint_mu_swamp_cave, sprint_mu_shoals_kraken,
          sprint_mu_blade_basic, sprint_mu_crypt_lich, sprint_mu_tomb_spiral,
          sprint_mu_vestibule_basic, sprint_mu_gehenna_hellfire,
          sprint_mu_dis_giant, sprint_mu_tartarus_statrot,
          sprint_mu_cocytus_islands, sprint_mu_zot1]

Skill      XL: |  1  2  3  4  5  6  7  8  9 10 11 |
---------------+----------------------------------+-----
Maces & Flails | 4 5 6 7 9 11 12 14 16 18 | 18.2
Fighting       | 3 4 5 6 7 8 9 10 11 13 | 13.1
Dodging        | 3 4 5 6 7 8 9 11 12 | 12.6
Stealth        | 1 2 4 |  4.0
Evocations     | 2 3 4 |  4.1

Action                   |  1- 3 |  4- 6 |  7- 9 | 10-12 || total
-------------------------+-------+-------+-------+-------++-------
Melee: Mace              |    26 |    64 |    27 |       ||   117
       Giant club        |       |       |     8 |    47 ||    55
       Giant spiked club |       |       |       |    81 ||    81
Invok: Berserk           |     2 |     2 |     3 |     3 ||    10
Evoke: Lightning rod     |       |       |     9 |     5 ||    14
  Use: Potion            |       |     1 |     1 |     1 ||     3
 Stab: Sleeping          |       |       |       |     4 ||     4
Armor: Animal skin       |     8 |    26 |     4 |    25 ||    63
Dodge: Dodged            |     8 |    41 |    13 |    79 ||   141

Table legend: (Time is in decaauts)
 A = Elapsed time spent in this place.
 B = Non-inter-level travel time spent in this place.
 C = Inter-level travel time spent in this place.
 D = Time resting spent in this place.
 E = Time spent auto-exploring this place.
 F = Levels seen in this place.
 G = Mean time per level.
                   A        B        C        D        E       F      G
               +--------+--------+--------+--------+--------+-----+--------+
         Total |   1898 |   1898 |      0 |    947 |     81 |   1 | 1898.0 |
       Dungeon |   1898 |   1898 |      0 |    947 |     81 |   1 | 1898.0 |
               +--------+--------+--------+--------+--------+-----+--------+

Top non-repeatable levels by time:
       D: 1898 daAuts
